 Dungeon Crawl Stone Soup version 0.28.0-45-g0d030f2227 (webtiles) character file.

Game seed: 8892445156126384189

1603 selver the Archer (level 8, -3/62 HPs)
             Began as a Minotaur Hunter on Apr 14, 2022.
             Shot with an arrow by a centaur (12 damage)
             ... on level 8 of the Dungeon.
             The game lasted 00:14:54 (5259 turns).

selver the Archer (Minotaur Hunter)                 Turns: 5259, Time: 00:14:55

Health: -3/62      AC:  7    Str: 18    XL:     8   Next: 62%
Magic:  7/7        EV: 11    Int:  8    God:
Gold:   186        SH:  0    Dex: 12    Spells: 7/7 levels left

rFire   . . .      SeeInvis +   b - +0 morningstar (protect)
rCold   . . .      Faith    .   (no shield)
rNeg    + . .      Spirit   .   e - +2 ring mail {rN+}
rPois   .          Reflect  .   (helmet restricted)
rElec   .          Harm     .   (no cloak)
rCorr   .          Rampage  .   (no gloves)
Will    .....                   (no boots)
Stlth   +.........              (no amulet)
HPRegen 0.20/turn               k - ring of see invisible
MPRegen 0.10/turn               (no ring)

@: lethally poisoned (-3 -> -13), weak-willed, attractive, studying Poison Magic
A: horns 2, retaliatory headbutt
a: no special abilities


You were on level 8 of the Dungeon.
You visited 1 branch of the dungeon, and saw 7 of its levels.

You collected 210 gold pieces.
You spent 24 gold pieces at shops.

Inventory:

Hand Weapons
 a - a +1 shortbow
 b - a +0 morningstar of protection (weapon)
 d - a +0 short sword
Missiles
 h - 16 bolts
 m - 48 arrows
Armour
 c - a +0 leather armour
 e - a +2 ring mail of positive energy (worn)
Jewellery
 k - a ring of see invisible (left hand)
 s - a ring of ice
Wands
 p - a wand of polymorph (7)
 q - a wand of paralysis (9)
 u - a wand of iceblast (5)
Scrolls
 w - a scroll of summoning {unknown}
 x - a scroll of enchant weapon {unknown}
Potions
 g - a potion of degeneration
 l - 2 potions of haste {unknown}
 r - a potion of experience {unknown}
 t - a potion of berserk rage {unknown}


   Skills:
 - Level 2.4 Fighting
 - Level 1.0 Short Blades
 * Level 7.0 Maces & Flails
 * Level 10.1 Bows
 + Level 4.1 Armour
 - Level 2.1 Dodging
 - Level 0.7 Stealth


You had 7 spell levels left.
You didn't know any spells.
Your spell library was empty.

Dungeon Overview and Level Annotations

Branches:
Dungeon (6/15)
 Temple: D:4-7

Altars:

Shops:
D:2 *

Annotations:
D:3 Sigmund
D:8 Grum, Maggie


Innate Abilities, Weirdness & Mutations

You have a pair of horns on your head.
You reflexively headbutt those who attack you in melee.


Message History

You feel better. The kobold hits you but does no damage.
The centaur unwields a +0 shortbow.
The centaur hits you but does no damage.
The centaur misses you.
The kobold hits you with a +2 dagger of speed.
The kobold barely misses you. The kobold hits you but does no damage.
The gnoll hits you but does no damage.
Maggie mumbles some strange words.
Maggie attempts to bespell you! You resist with some effort.
The kobold barely misses you.
You feel better.
The centaur hits you but does no damage.
The centaur kicks you but does no damage.
The kobold hits you with a +0 short sword.
The kobold hits you but does no damage. The gnoll hits you with a +0 whip.
The kobold barely misses you. You furiously retaliate!
You headbutt the kobold, but do no damage.
The kobold closely misses you.
The centaur hits you but does no damage.
The centaur completely misses you.
Maggie says, "Leave now, and tell all of Margery's mercy!"
Maggie casts a spell at you.
The bolt of fire misses the kobold.
The bolt of fire hits you!
* * * LOW HITPOINT WARNING * * *
The bolt of fire hits the kobold!!
The kobold dies!
The kobold hits you with a +2 dagger of venom.
* * * LOW HITPOINT WARNING * * *
You are lethally poisoned!
Okay, then.
It was a potion of attraction.
You feel attractive to monsters.
Your surroundings seem slightly different.
Grum the Hunter comes into view.
He is wielding a +0 spear.
Found a scroll labelled LETTIT HEVEBB.
* * * LOW HITPOINT WARNING * * *
You feel very sick.
Grum growls angrily.
The kobold brigand shouts!
The centaur shoots an arrow.
The arrow hits you!
You die...

#..........#
##..........
.........?# #......K.#
#.......# ##..g..$.#
### ##........## ..##
#.....@....####....
#........>.......#
...........#....#.##.[
.....###..............
###..###Kc........##.
#......KK........... .
##..)§K@.....#.#.. #.
##.ggco.....# ..
#...o......# .


You could see Maggie (weak-willed), Grum, a kobold brigand, 2 centaurs, 2
gnolls, an orc (weak-willed) and 4 kobolds.

Vanquished Creatures
  Grinder (D:4)
  A troll (D:5)
  A wyvern (D:4)
  A sky beast (D:5)
  An ice beast (D:6)
  2 necrophages
  2 ogres
  A centaur (D:5)
  A water moccasin skeleton (D:4)
  A howler monkey (D:5)
  2 hounds (D:5)
  A jelly (D:5)
  Jessica (D:2)
  An iguana (D:6)
  11 gnolls
  4 adders
  3 worms
  A dart slug (D:1)
  2 orcs
  4 endoplasms
  4 giant cockroaches
  5 goblins
  6 hobgoblins
  7 kobolds
  2 quokkas
  3 ball pythons
  6 bats
  7 frilled lizards
  11 rats
93 creatures vanquished.

Vanquished Creatures (others)
  A kobold (D:8)
1 creature vanquished.

Grand Total: 94 creatures vanquished

Notes
Turn   | Place    | Note
-------+----------+-------------------------------------------
     0 | D:1      | selver the Minotaur Hunter began the quest for the Orb.
     0 | D:1      | Reached XP level 1. HP: 18/18 MP: 0/0
    78 | D:1      | Found a faded altar of an unknown god.
   153 | D:1      | Reached XP level 2. HP: 25/25 MP: 1/1
   217 | D:1      | Reached skill level 5 in Bows
   691 | D:1      | Reached XP level 3. HP: 30/30 MP: 2/2
   735 | D:2      | Found Opic's Assorted Antiques.
   743 | D:2      | Bought a brown potion for 24 gold pieces
  1030 | D:2      | Noticed Jessica
  1034 | D:2      | Killed Jessica
  1035 | D:2      | Reached skill level 6 in Bows
  1035 | D:2      | Reached XP level 4. HP: 37/37 MP: 3/3
  1708 | D:3      | Noticed Sigmund
  1821 | D:3      | Reached skill level 1 in Short Blades
  1821 | D:3      | Reached XP level 5. HP: 25/42 MP: 4/4
  2505 | D:4      | Noticed a wyvern
  2508 | D:4      | Reached skill level 7 in Bows
  2522 | D:4      | Killed a wyvern
  2523 | D:4      | Reached XP level 6. HP: 8/50 MP: 5/5
  3037 | D:4      | Reached skill level 8 in Bows
  3574 | D:4      | Noticed Grinder
  3600 | D:4      | Killed Grinder
  3601 | D:4      | Reached skill level 1 in Armour
  3601 | D:4      | Reached XP level 7. HP: 39/56 MP: 6/6
  3821 | D:5      | Entered Level 5 of the Dungeon
  3828 | D:5      | Reached skill level 9 in Bows
  3851 | D:5      | Noticed a troll
  3868 | D:5      | Killed a troll
  3869 | D:5      | Reached skill level 5 in Maces & Flails
  3870 | D:5      | Reached XP level 8. HP: 25/62 MP: 7/7
  4738 | D:6      | Reached skill level 10 in Bows
  5244 | D:6      | You fall into a shaft and drop 2 floors!
  5246 | D:8      | Noticed Maggie
  5259 | D:8      | Noticed Grum
  5259 | D:8      | Shot with an arrow by a centaur

Illustrated notes

Levels and vault maps discovered:
D:1:      minmay_arrival_plants_in_alcoves, layout_basic,
          shapermc_ecumenical_altar_acropolis
D:2:      layout_basic, serial_shops, shop_statue, minmay_misc_feat_encased,
          uniq_jessica
D:3:      layout_rooms, uniq_sigmund
D:4:      layout_rooms, uniq_grinder
D:5:      lemuel_ice_spiral_2, layout_rooms, chequers_serial_rivers_micro_d,
          minmay_manual_moon
D:6:      layout_cave_pods, temple_statues, serial_column_ruins,
          column_ruins_grid_1, column_ruins_open_small, column_ruins_open_tiny,
          column_ruins_open_tiny, column_ruins_columns_corner
D:8:      layout_rooms, uniq_grum, uniq_psyche, uniq_maggie

Skill      XL: |  1  2  3  4  5  6  7  8 |
---------------+-------------------------+-----
Bows           | 5 6 7 8 9 10 | 10.1
Short Blades   | 1 |  1.0
Maces & Flails | 2 4 5 7 |  7.0
Armour         | 1 2 4 |  4.1
Fighting       | |  2.4
Dodging        | |  2.1
Stealth        | |  0.7

Action                   |  1- 3 |  4- 6 |  7- 9 || total
-------------------------+-------+-------+-------++-------
Melee: Short sword       |     2 |    31 |       ||    33
       Headbutt          |       |    22 |    19 ||    41
       Morningstar       |       |    70 |    60 ||   130
       Punch             |       |     1 |     1 ||     2
 Fire: Shortbow          |    70 |    61 |    35 ||   166
  Use: Potion            |       |     3 |     6 ||     9
       Scroll            |       |     2 |     3 ||     5
 Stab: Sleeping          |       |     1 |       ||     1
Armor: Leather armour    |     6 |     9 |       ||    15
       Ring mail         |       |    32 |    48 ||    80
Dodge: Dodged            |     5 |    85 |    58 ||   148
